 Dungeon Crawl Stone Soup version 0.32-a0-986-ga09f62fbf4 (webtiles) character file.

Game seed: 3694821615065511867

387 TacoSundae the Cleaver (level 6, 0/51 HPs)
             Began as a Mountain Dwarf Fighter on Apr 21, 2024.
             Succumbed to a scorpion's poison
             ... on level 4 of the Dungeon.
             The game lasted 00:03:49 (2737 turns).

TacoSundae the Cleaver (Mountain Dwarf Fighter)     Turns: 2737, Time: 00:03:49

Health: 0/51       AC:  9    Str: 20    XL:     6   Next: 49%
Magic:  6/6        EV:  8    Int:  9    God:
Gold:   138        SH:  4    Dex:  9    Spells: 5/5 levels left

rFire   . . .        a - +0 war axe
rCold   . . .        c - +0 buckler
rNeg    . . .        b - +0 scale mail
rPois   .            n - +0 helmet
rElec   .            (no cloak)
rCorr   .            i - +0 pair of gloves
SInv    .            (no boots)
Will    .....        (no amulet) Stlth
                     (no ring)
HPRegen 0.28/turn    (no ring)
MPRegen 0.10/turn

%: no passive effects
@: lethally poisoned (0 -> -4), on berserk cooldown, hasted and slowed
A: runic magic, artefact enchanting
a: no special abilities


You were on level 4 of the Dungeon.
You visited 1 branch of the dungeon, and saw 4 of its levels.

You collected 138 gold pieces.

Inventory:

Hand Weapons
 a - a +0 war axe (weapon)
Missiles
 p - 6 poisoned darts (quivered)
Armour
 b - a +0 scale mail (worn)
 c - a +0 buckler (worn)
 e - a +0 plate armour
 i - a +0 pair of gloves (worn)
 n - a +0 helmet (worn)
Jewellery
 f - a ring of fire
 o - a ring of poison resistance
 s - a ring of protection from cold
Scrolls
 g - a scroll of amnesia {unknown}
 h - a scroll of teleportation {unknown}
 j - 2 scrolls of identify {unknown}
 k - 2 scrolls of poison {unknown}
 q - a scroll of fog {unknown}
 t - a scroll of enchant weapon {unknown}
Potions
 d - 2 potions of might
 m - a potion of haste
 r - 4 potions of enlightenment {unknown}


   Skills:
 - Level 3.2 Fighting
 * Level 8.4 Axes
 - Level 3.2 Armour
 - Level 3.2 Shields


You had 5 spell levels left.
You didn't know any spells.
Your spell library was empty.

Dungeon Overview and Level Annotations

Branches:
Dungeon (4/15)
 Temple: D:4-7

Altars:
Ashenzari


Innate Abilities, Weirdness & Mutations

Your spellcasting is much less encumbered by armour.
You can use scrolls of enchantment on lesser artefacts.


Message History

The scorpion is almost dead.
You barely miss the goblin.
You feel sick. The scorpion stings you.
* * * LOW HITPOINT WARNING * * *
The goblin hits you but does no damage.
Unknown command.
You closely miss the scorpion.
The scorpion is almost dead.
You slash the goblin!
You kill the goblin!
You feel sick.
The scorpion stings you but does no damage.
The scorpion stings you.
* * * LOW HITPOINT WARNING * * *
You are lethally poisoned!
The scorpion poisons you!
You slash the scorpion!
You kill the scorpion!
* * * LOW HITPOINT WARNING * * *
You feel very sick.
Unknown command.
It was a potion of berserk rage.
A red film seems to cover your vision as you go berserk!
You feel yourself moving faster!
You feel mighty!
* * * LOW HITPOINT WARNING * * *
You feel sick.
You are too berserk!
You are too berserk!
You feel a strong urge to attack something.
* * * LOW HITPOINT WARNING * * *
You feel sick.
* * * LOW HITPOINT WARNING * * *
You feel sick.
You feel your anger nearly subside.
* * * LOW HITPOINT WARNING * * *
You feel sick.
You are no longer berserk.
You are exhausted.
You feel yourself slow down.
It was a potion of haste.
You feel yourself speed up.
You die...

..... # #.########
.....
##########........#
.#...
##...........#####.#
.....
..............#
.....
..........###..#
..... #........#
#..# ##.##
#........## ...# #
.#
#.......).##.....# .
#
#......@†.....##...
. #!.....$)....#.
#.. ..............#
.. .#..........#..#
..##.......###.. #
#.......# ##
#.......# ........#


There were no monsters in sight!

Vanquished Creatures
  A phantom (D:4)
  A scorpion (D:4)
  An orc priest (D:4)
  2 iguanas
  An orc wizard (D:3)
  7 adders
  A dart slug (D:3)
  6 orcs
  8 bats
  7 endoplasms
  4 giant cockroaches
  6 goblins
  3 hobgoblins
  3 jackals (D:3)
  5 kobolds
  4 quokkas
  7 ball pythons
  A frilled lizard (D:3)
  2 rats
70 creatures vanquished.

Notes
Turn   | Place    | Note
-------+----------+-------------------------------------------
     0 | D:1      | TacoSundae the Mountain Dwarf Fighter began the quest for
                  | the Orb.
     0 | D:1      | Reached XP level 1. HP: 19/19 MP: 1/1
   102 | D:1      | Reached skill level 3 in Axes
   258 | D:1      | Reached XP level 2. HP: 26/26 MP: 2/2
   787 | D:2      | Reached skill level 4 in Axes
  1027 | D:2      | Reached XP level 3. HP: 23/31 MP: 3/3
  1189 | D:2      | Reached skill level 5 in Axes
  1198 | D:2      | Reached XP level 4. HP: 35/38 MP: 4/4
  1473 | D:3      | Found a faded altar of an unknown god.
  1478 | D:3      | Found a broken altar of Ashenzari.
  1713 | D:3      | Reached skill level 6 in Axes
  2180 | D:3      | Reached XP level 5. HP: 19/45 MP: 5/5
  2571 | D:4      | Noticed a phantom
  2572 | D:4      | Reached skill level 7 in Axes
  2590 | D:4      | Killed a phantom
  2591 | D:4      | Reached XP level 6. HP: 25/51 MP: 6/6
  2710 | D:4      | Reached skill level 8 in Axes
  2733 | D:4      | HP: 3/76 [poisoned by a scorpion]
  2737 | D:4      | Succumbed to a scorpion's poison

Illustrated notes

Levels and vault maps discovered:
D:1:      wander_arrival_peaceful_grave, layout_loops_ring,
          hangedman_decor_riveting
D:2:      layout_basic
D:3:      layout_loops_cross, nicolae_overflow_ecumenical_swirl,
          minmay_fountain_box, chequers_serial_rivers_micro_a
D:4:      layout_rooms, minmay_bisected

Skill      XL: |  1  2  3  4  5  6 |
---------------+-------------------+-----
Axes           | 3 4 5 6 7 8 |  8.4
Fighting       | |  3.2
Armour         | |  3.2
Shields        | |  3.2

Action                     |  1- 3 |  4- 6 || total
---------------------------+-------+-------++-------
  Melee: War axe           |   107 |   140 ||   247
    Use: Potion            |       |     2 ||     2
 Armour: Scale mail        |   111 |   143 ||   254
  Dodge: Dodged            |    61 |    49 ||   110
  Block: Buckler           |    31 |    20 ||    51

Table legend: (Time is in decaauts)
 A = Elapsed time spent in this place.
 B = Non-inter-level travel time spent in this place.
 C = Inter-level travel time spent in this place.
 D = Time resting spent in this place.
 E = Time spent auto-exploring this place.
 F = Levels seen in this place.
 G = Mean time per level.
                   A        B        C        D        E       F      G
               +--------+--------+--------+--------+--------+-----+--------+
         Total |   2802 |   2706 |     96 |      0 |   2071 |   4 |  700.5 |
       Dungeon |   2802 |   2706 |     96 |      0 |   2071 |   4 |  700.5 |
               +--------+--------+--------+--------+--------+-----+--------+

Top non-repeatable levels by time:
     D:3: 968 daAuts
     D:2: 841 daAuts
     D:1: 631 daAuts
     D:4: 361 daAuts
